 Dungeon Crawl Stone Soup version 0.31.0-32-g396128a36d (webtiles) character file.

Game seed: 11819695785202746123

3731 tizbic2 the Mimic (level 10, 0/79 HPs)
             Began as a Merfolk Shapeshifter on Apr 8, 2024.
             Was a Believer of Wu Jian.
             Slain by a hornet (13 damage)
             ... on level 8 of the Dungeon.
             The game lasted 00:25:17 (5767 turns).

tizbic2 the Mimic (Merfolk Shapeshifter)            Turns: 5767, Time: 00:25:18

Health: 0/79       AC: 14    Str: 19    XL:     10   Next: 14%
Magic:  10/10      EV:  9    Int:  9    God:    Wu Jian [**....]
Gold:   204        SH:  0    Dex: 20    Spells: 9/9 levels left

rFire   . . .        T - +4 morningstar
rCold   . . .        (no shield)
rNeg    . . .        P - +0 plate armour
rPois   .            B - melded +2 helmet
rElec   .            (cloak currently unavailable)
rCorr   .            (gloves currently unavailable)
SInv    +            (boots currently unavailable)
Will    .....        f - amulet of the acrobat Stlth
                     E - +4 ring of protection
HPRegen 0.33/turn    n - +6 ring of dexterity
MPRegen 0.12/turn

%: acrobat
@: beast-form, slowed, very slow
A: beast (slay +4), (nimble swimmer 2), mertail, see invisible
a: Begin Untransformation, Renounce Religion, Wall Jump


You were on level 8 of the Dungeon.
You worshipped Wu Jian.
Wu Jian was pleased with you.
You were a hulking beast.
You visited 1 branch of the dungeon, and saw 8 of its levels.

You collected 406 gold pieces.
You spent 202 gold pieces at shops.

Inventory:

Hand Weapons
 w - a +0 broad axe
 y - a +2 long sword of electrocution
 z - a +4 long sword
 L - the +3 hand axe "Zaagot" {drain, rPois}
   (You found it on level 6 of the Dungeon)

   rPois:     It protects you from poison
 R - a +3 quarterstaff of chaos
 T - a +4 morningstar (weapon)
Missiles
 H - 9 poisoned darts (quivered)
 N - a curare-tipped dart
Armour
 e - a +0 scale mail
 i - a +0 ring mail
 x - a +1 robe of resistance
 B - a +2 helmet (melded)
 K - a scarf of invisibility
 M - an orb of wrath
 P - a +0 plate armour (worn)
 S - a +0 cloak
Jewellery
 f - an amulet of the acrobat (around neck)
 l - a ring of protection from fire
 n - a +6 ring of dexterity (right hand)
 E - a +4 ring of protection (left hand)
 F - a +6 ring of intelligence
 Q - an amulet of magic regeneration
Talismans
 c - a beast talisman (active)
 d - a flux talisman
Wands
 b - a wand of paralysis (5)
 v - a wand of flame (12)
 J - a wand of iceblast (7)
 O - a wand of light (2)
Scrolls
 h - 4 scrolls of teleportation
 j - 2 scrolls of immolation {unknown}
 k - 2 scrolls of revelation
 m - 6 scrolls of identify
 o - 2 scrolls of fog {unknown}
 p - a scroll of enchant weapon
 t - 3 scrolls of enchant armour {unknown}
 u - 3 scrolls of torment {unknown}
 C - a scroll of amnesia {unknown}
 D - a scroll of acquirement {unknown}
Potions
 a - a potion of might {unknown}
 g - a potion of curing
 q - 2 potions of brilliance {unknown}
 r - a potion of mutation
 s - a potion of berserk rage {unknown}
 A - a potion of cancellation {unknown}
 G - a potion of enlightenment {unknown}
 I - 2 potions of attraction {unknown}


   Skills:
 + Level 7.0 Fighting
 + Level 8.8 Dodging
 + Level 7.7 Unarmed Combat
 * Level 11.5 Shapeshifting


You had 9 spell levels left.
You didn't know any spells.
Your spell library contained the following spells:

 Spells                   Type           Power      Damage    Failure   Level
 Call Imp                 Summ           0%         N/A       100%        2
 Sublimation of Blood     Necr           0%         N/A       100%        2
 Call Canine Familiar     Summ           0%         N/A       100%        3
 Sigil of Binding         Hex            0%         N/A       100%        3
 Tukima's Dance           Hex            0%         N/A       100%        3
 Dimensional Bullseye     Hex/Tloc       0%         N/A       100%        4
 Passage of Golubria      Tloc           0%         N/A       100%        4
 Yara's Violent Unravell  Hex/Alch       0%         3d3       100%        5
 Summon Hydra             Summ           0%         N/A       100%        7


Dungeon Overview and Level Annotations

Branches:
Dungeon (8/15)             Temple (0/1) D:4
   Lair: D:8-11

Altars:
Dithmenos
Hepliaklqana
Wu Jian

Shops:
D:2 ?   D:3 !

Annotations:
D:4 2 transporters, Charlie33ad's ghost, weakling MiBe


Innate Abilities, Weirdness & Mutations

You are a hulking beast.
Your limbs bulge with bestial killing power. (Slay +4)
((You are very nimble when in or above water. (Stealth+, EV+, Speed+++)))
Your lower body shifts to a powerful aquatic tail in water.
You have supernaturally acute eyesight. (SInv)


Message History

You feel very sick. The hornet barely misses you. x2
You strike the helpless hornet from behind!
You hit the hornet.
The hornet is heavily wounded.
You feel sick. The hornet barely misses you.
The hornet stings you but does no damage.
You catch the helpless hornet completely off-guard!
You hit the hornet but do no damage.
The hornet is heavily wounded.
You feel sick. The hornet stings you!
* * * LOW HITPOINT WARNING * * *
You feel yourself slow down. The hornet stings you!
* * * LOW HITPOINT WARNING * * *
You are lethally poisoned!
You feel as though you will be slow longer.
The hornet stings you.
* * * LOW HITPOINT WARNING * * *
You feel as though you will be slow longer.
You feel better.
The hornet stings you but does no damage.
The hornet barely misses you.
Aiming: Paralyse
Press: ? - help, Shift-Dir - straight line, f - hornet, p - water moccasin
Aim: a hornet (heavily wounded, blind, unable to see you, chance to affect: 39%)
Okay, then.
Aiming: Throw Flame
Press: ? - help, Shift-Dir - straight line, f - hornet, p - water moccasin
Aim: a hornet (heavily wounded, blind, unable to see you, 52% to hit)
The puff of flame hits the hornet but does no damage.
The hornet is heavily wounded.
The hornet stings you but does no damage.
The hornet barely misses you.
You sock the hornet! Your punch misses the hornet.
The hornet is almost dead.
The hornet stings you.
* * * LOW HITPOINT WARNING * * *
You feel as though you will be slow longer.
The hornet stings you!
You die...

#. .##...# .# #.##.#.##
#S .##.#.#.# .#
#.##.....## #.
.##.......#
.#.##.#.#.#.##
#S##.#.#.#.#.#
##y##.........##
##h##)#########'#
#.##.).......##.#
##.##.#.#.#.#.##.##
#...##.......##...#
###.###[#.#.#[##.#.##
#.#.#.##.....##.....#
##.#.#.##.#.#.##.#.#.#
#..#.#).##...##.......
###.#.#.###.#.##.##.##.


You could see a hornet (blind, unable to see you) and a water moccasin.

Vanquished Creatures
  Joseph (D:7)
  A yak (D:8)
  A water moccasin (D:6)
  2 black bears
  A sky beast (D:7)
  2 ice beasts
  3 orc warriors (D:7)
  2 centaurs (D:8)
  2 ogres
  2 phantoms
  2 kobold brigands
  3 bullfrogs
  A gnoll sergeant (D:8)
  5 scorpions
  6 wights
  A killer bee (D:8)
  A howler monkey (D:6)
  3 jellies
  3 bombardier beetles
  4 hounds
  A gnoll bouda (D:6)
  2 orc priests (D:4)
  Crazy Yiuf (D:7)
  A sleepcap (D:5)
  7 iguanas
  2 orc wizards
  7 gnolls
  2 adders (D:4)
  A dart slug (D:5)
  3 ribbon worms
  23 orcs
  5 endoplasms
  A giant cockroach (D:1)
  4 goblins
  7 hobgoblins
  13 kobolds
  4 quokkas
  4 ball pythons
  A bat (D:1)
  A frilled lizard (D:1)
  3 rats
139 creatures vanquished.

Vanquished Creatures (others)
  A wight (D:7)
  An orc (D:7)
2 creatures vanquished.

Grand Total: 141 creatures vanquished

Notes
Turn   | Place    | Note
-------+----------+-------------------------------------------
     0 | D:1      | tizbic2 the Merfolk Shapeshifter began the quest for the
                  | Orb.
     0 | D:1      | Reached XP level 1. HP: 15/15 MP: 1/1
   103 | D:1      | Reached XP level 2. HP: 21/21 MP: 2/2
  1068 | D:2      | Found Acwe Kest's Magic Scroll Shoppe.
  1073 | D:2      | Bought a scroll of enchant weapon for 90 gold pieces
  1073 | D:2      | Bought a scroll of identify for 24 gold pieces
  1153 | D:3      | Found Mibb's Distillery.
  1437 | D:3      | Reached XP level 3. HP: 27/27 MP: 3/3
  1736 | D:4      | Found a transporter.
  1738 | D:4      | Noticed a centaur
  1825 | D:4      | Noticed Charlie33ad's ghost (weakling MiBe)
  1827 | D:4      | Found a transporter.
  1858 | D:4      | Noticed a bullfrog
  1863 | D:4      | Killed a bullfrog
  1864 | D:4      | Reached skill level 5 in Shapeshifting
  1864 | D:4      | Reached XP level 4. HP: 34/34 MP: 4/4
  1877 | D:4      | Reached XP level 5. HP: 39/39 MP: 5/5
  2177 | D:4      | Found an ornate altar of the Wu Jian Council.
  2183 | D:4      | Noticed a spectral centipede
  2183 | D:4      | Noticed a spectral black mamba
  2183 | D:4      | Noticed a spectral cane toad
  2184 | D:4      | Became a worshipper of the Wu Jian Council
  2369 | D:4      | Reached skill level 6 in Shapeshifting
  2369 | D:4      | Reached XP level 6. HP: 31/47 MP: 6/6
  2436 | D:4      | Found a staircase to the Ecumenical Temple.
  2584 | D:4      | Noticed a black bear
  2601 | D:4      | Killed a black bear
  2810 | D:3      | Bought a potion of mutation for 88 gold pieces
  2810 | D:3      | Gained mutation: You have very sharp teeth. [potion of
                  | mutation]
  2810 | D:3      | Gained mutation: You have supernaturally acute eyesight.
                  | (SInv) [potion of mutation]
  2810 | D:3      | Lost mutation: You have very sharp teeth. [potion of
                  | mutation]
  2819 | D:5      | Entered Level 5 of the Dungeon
  2887 | D:5      | Reached XP level 7. HP: 52/52 MP: 7/7
  2903 | D:5      | Reached skill level 5 in Dodging
  3011 | D:5      | Reached skill level 5 in Unarmed Combat
  3011 | D:5      | Reached skill level 7 in Shapeshifting
  3446 | D:5      | Found a shadowy altar of Dithmenos.
  3473 | D:5      | Reached XP level 8. HP: 60/60 MP: 8/8
  3489 | D:5      | Reached * piety under Wu Jian
  3587 | D:5      | Reached skill level 8 in Shapeshifting
  3978 | D:6      | Reached skill level 5 in Fighting
  3980 | D:6      | Reached skill level 9 in Shapeshifting
  4022 | D:6      | Reached XP level 9. HP: 64/68 MP: 9/9
  4048 | D:6      | Reached ** piety under Wu Jian
  4184 | D:6      | Identified the +3 hand axe "Zaagot" {drain, rPois}
  4522 | D:7      | Noticed Joseph
  4534 | D:7      | Killed Joseph
  4535 | D:7      | Reached skill level 10 in Shapeshifting
  4842 | D:7      | HP: 2/69 [orc warrior/+0 trident (9)]
  5163 | D:7      | Found a hazy altar of Hepliaklqana.
  5422 | D:7      | Found a runed translucent door.
  5423 | D:7      | Noticed Crazy Yiuf
  5428 | D:7      | Killed Crazy Yiuf
  5473 | D:7      | Reached skill level 11 in Shapeshifting
  5595 | D:8      | Reached XP level 10. HP: 72/77 MP: 10/10
  5760 | D:8      | Paralysed by a hornet for 2 turns
  5767 | D:8      | Slain by a hornet

Illustrated notes

Levels and vault maps discovered:
D:1:      dpeg_arrival_more_subterranean_lakeside_camping, layout_loops_ring
D:2:      layout_basic, serial_shops, shop
D:3:      layout_basic, serial_shops, shop
D:4:      layout_loops_corners, pdpol_wu_jian_five_deadly_venoms,
          minmay_temple_entry_glassed_door, gammafunk_ghost_arena
D:5:      layout_gridville, mainiacjoe_overflow_paths
D:6:      layout_rooms
D:7:      layout_basic, mainiacjoe_overflow_brackets, grunt_ministairs_3,
          uniq_crazy_yiuf_cottage, uniq_joseph
D:8:      minmay_the_grid_triangle_9x9_rhombus_full
          [minmay_the_grid_triangle_9x9_zippers_horizontal,
          minmay_the_grid_triangle_9x9_flanged_cone,
          minmay_the_grid_triangle_9x9_descending_squares,
          minmay_the_grid_triangle_9x9_sparse_checkered,
          minmay_the_grid_triangle_9x9_from_above,
          minmay_the_grid_triangle_9x9_checkered,
          minmay_the_grid_triangle_9x9_dagger,
          minmay_the_grid_triangle_9x9_prize_center], layout_layer_cave,
          nicolae_qazlal_beasts_of_the_sky, serial_shops,
          nicolae_shop_just_a_little_nook, uniq_prince_ribbit1, uniq_psyche

Skill      XL: |  1  2  3  4  5  6  7  8  9 10 |
---------------+-------------------------------+-----
Dodging        | 3 4 5 7 8 |  8.8
Fighting       | 2 3 4 5 6 7 |  7.0
Shapeshifting  | 5 6 7 9 11 | 11.5
Unarmed Combat | 4 5 6 7 |  7.7

Action                     |  1- 3 |  4- 6 |  7- 9 | 10-12 || total
---------------------------+-------+-------+-------+-------++-------
  Melee: Whip              |    74 |       |       |       ||    74
         Rapier            |    11 |       |       |       ||    11
         Punch             |     1 |     3 |     6 |       ||    10
         Long sword        |    27 |    39 |   153 |       ||   219
         Broad axe         |     2 |    25 |       |       ||    27
         Hand axe          |       |       |   108 |       ||   108
         Morningstar       |       |       |     8 |    37 ||    45
         Quarterstaff      |       |       |     6 |       ||     6
         Tailslap          |       |       |     2 |       ||     2
  Throw: Dart              |       |       |     5 |       ||     5
Ability: Lunge             |       |     2 |     6 |       ||     8
         Whirlwind         |       |       |     3 |       ||     3
  Evoke: Wand              |     2 |     9 |     4 |     2 ||    17
    Use: Scroll            |     5 |       |     2 |       ||     7
         Potion            |       |     1 |     2 |     1 ||     4
   Stab: Invisible         |       |       |     1 |     2 ||     3
         Distracted        |       |       |     1 |       ||     1
 Armour: Scale mail        |    10 |    22 |   141 |       ||   173
         Ring mail         |    60 |    24 |       |       ||    84
         Skin              |       |       |    12 |       ||    12
         Plate armour      |       |       |    86 |    71 ||   157
  Dodge: Dodged            |    73 |    67 |   264 |    45 ||   449
   Form: Beast             |     1 |       |     1 |       ||     2
         Flux              |     1 |       |       |       ||     1
                           |       |     1 |       |       ||     1
